 Dungeon Crawl Stone Soup version 0.30.1-11-g7821555f0a (webtiles) character file.

Game seed: 10222287089767324097

55 Glitchless the Trooper (level 3, -3/24 HPs)
             Began as a Gargoyle Berserker on Dec 9, 2023.
             Was a Believer of Trog.
             Slain by Jessica
             ... wielding a +2 dagger of speed
              (4 damage)
             ... on level 2 of the Dungeon.
             The game lasted 00:02:57 (1616 turns).

Glitchless the Trooper (Gargoyle Berserker)         Turns: 1616, Time: 00:03:00

Health: -3/24      AC:  6    Str: 22    XL:     3   Next: 93%
Magic:  3/3        EV: 12    Int:  7    God:    Trog [**....]
Gold:   66         SH:  0    Dex:  9    Spells: 2/2 levels left

rFire   . . .        a - +0 mace (protect)
rCold   . . .        (no shield)
rNeg    + . .        b - +1 animal skin
rPois   ∞            k - +0 hat
rElec   +            (no cloak)
rCorr   .            (no gloves)
SInv    +            (no boots)
Will    ++...        (no amulet)
Stlth   +            f - ring of see invisible
HPRegen 1.24/turn    (no ring)
MPRegen 0.08/turn

%: no passive effects
@: strong-willed, regenerating, slowed, very slow
A: sickness immunity, AC +3, negative energy resistance 1, electricity
resistance, torment resistance 1, petrification resistance
a: Renounce Religion, Berserk, Trog's Hand


You were on level 2 of the Dungeon.
You worshipped Trog.
Trog was pleased with you.
You visited 1 branch of the dungeon, and saw 2 of its levels.

You collected 66 gold pieces.

Inventory:

Hand Weapons
 a - a +0 mace of protection (weapon)
Missiles
 h - 12 poisoned darts (quivered)
Armour
 b - a +1 animal skin (worn)
 k - a +0 hat (worn)
Jewellery
 f - a ring of see invisible (left hand)
 l - an amulet of faith
Scrolls
 i - a scroll of fog
Potions
 o - a potion of curing


   Skills:
 * Level 3.8 Fighting
 * Level 3.7 Maces & Flails
 * Level 0.3 Throwing
 * Level 2.5 Armour
 * Level 2.1 Dodging


You had 2 spell levels left.
You didn't know any spells.
Your spell library contained the following spells:

 Spells                   Type           Power      Damage    Failure   Level
 Conjure Ball Lightning   Conj/Air       0%         3x3d6     100%        6
 Discord                  Hex            0%         N/A       100%        8
 Disjunction              Tloc           0%         N/A       100%        8


Dungeon Overview and Level Annotations

Branches:
Dungeon (2/15)

Altars:

Annotations:
D:2 Jessica


Innate Abilities, Weirdness & Mutations

You are immune to sickness and miasma.
Your stone body is resilient. (AC +3)
You are immune to poison.
You resist negative energy. (rN+)
You are resistant to electric shocks. (rElec)
You are resistant to unholy torment.
You are immune to petrification.


Message History

You kill the rat!
Trog accepts your kill.
The ball python bites you but does no damage.
The ball python barely misses you. x2; The ball python grabs you.
The ball python constricts you.
You hit the ball python.
You kill the ball python!
Trog accepts your kill.
Jessica gestures wildly while chanting.
Jessica blinks!
Jessica casts a spell.
Jessica blinks!
Jessica casts a spell at you.
You feel yourself slow down.
You feel your willpower return.
Jessica gestures wildly while chanting.
Jessica blinks!
Jessica mumbles some strange words.
Jessica blinks!
Jessica hits you but does no damage.
You hit Jessica.
Your weapon exudes an aura of protection.
Jessica is lightly wounded.
Jessica hits you but does no damage.
Jessica drinks a potion.
Jessica seems to grow stronger.
You barely miss Jessica.
Jessica is lightly wounded.
Jessica hits you with a +2 dagger of speed!
Jessica casts a spell.
Jessica seems to speed up.
Jessica hits you with a +2 dagger of speed.
You are too injured to fight recklessly!
You are too injured to fight recklessly!
You are too injured to fight recklessly!
Your skin crawls.
You feel strong-willed.
Jessica hits you with a +2 dagger of speed!
Ouch! That really hurt!
* * * LOW HITPOINT WARNING * * *
Jessica hits you with a +2 dagger of speed.
You die...

## #. #.########
#........ #......#
#......# #)@....# #
###..@...# .#
#........# ..#
#.#......#....# #
#......#....#
#..†........#
#.#+#.#.#... # #.
#.#..#.# .# #.
#.#..#.###.###
#.#####.#.##........


You could see Jessica (fast, strong).

Vanquished Creatures
  An adder (D:2)
  A worm (D:2)
  3 dart slugs
  2 endoplasms (D:1)
  2 giant cockroaches (D:1)
  4 goblins
  A hobgoblin (D:1)
  4 jackals (D:1)
  A quokka (D:1)
  3 ball pythons
  4 bats
  2 frilled lizards (D:1)
  2 kobolds (D:1)
  6 rats
36 creatures vanquished.

Notes
Turn   | Place    | Note
-------+----------+-------------------------------------------
     0 | D:1      | Glitchless the Gargoyle Berserker began the quest for the
                  | Orb.
     0 | D:1      | Reached XP level 1. HP: 14/14 MP: 1/1
   107 | D:1      | Reached XP level 2. HP: 19/19 MP: 2/2
   406 | D:1      | Reached XP level 3. HP: 12/24 MP: 3/3
  1491 | D:2      | Reached ** piety under Trog
  1604 | D:2      | Noticed Jessica
  1616 | D:2      | HP: 1/24 [Jessica/+2 dagger of speed (13)]
  1616 | D:2      | Slain by Jessica

Illustrated notes

Levels and vault maps discovered:
D:1:      nicolae_arrival_somewhat_less_tricky_arrival, layout_basic
D:2:      layout_basic, hellmonk_ecumenical_altar_zigzags, uniq_jessica

Skill      XL: |  1  2  3 |
---------------+----------+-----
Dodging        | 2 |  2.1
Fighting       | |  3.8
Maces & Flails | |  3.7
Throwing       | |  0.3
Armour         | |  2.5

Action                     || total
---------------------------++-------
  Melee: Mace              ||   117
         Punch             ||     1
 Invoke: Berserk           ||     1
         Trog's Hand       ||     1
    Use: Scroll            ||     8
 Armour: Animal skin       ||    53
  Dodge: Dodged            ||    92
